 Dungeon Crawl Stone Soup version 0.30-a0-377-g5cb311bc9f (webtiles) character file.

Game seed: 13911759674962928473

29 porpoise the Shooter (level 3, -1/22 HPs)
             Began as a Tengu Hunter on Nov 30, 2022.
             Slain by an orc wizard
             ... wielding a +0 dagger
              (3 damage)
             ... on level 2 of the Dungeon.
             The game lasted 00:01:46 (810 turns).

porpoise the Shooter (Tengu Hunter)                  Turns: 810, Time: 00:01:47

Health: -1/22      AC:  3    Str: 11    XL:     3   Next: 16%
Magic:  4/4        EV: 12    Int:  9    God:
Gold:   26         SH:  0    Dex: 19    Spells: 2/2 levels left

rFire   . . .      SeeInvis +    a - +0 shortbow
rCold   . . .      Faith    .    (shield currently unavailable)
rNeg    . . .      Spirit   .    c - +0 leather armour
rPois   .          Reflect  .    (helmet restricted)
rElec   .          Harm     .    (no cloak)
rCorr   .          Rampage  .    (no gloves)
Will    .....                    (boots unavailable)
Stlth   ++........               (no amulet)
HPRegen 0.23/turn                e - ring of see invisible
MPRegen 0.09/turn                (no ring)

@: no status effects
A: beak, talons 3
a: no special abilities


You were on level 2 of the Dungeon.
You visited 1 branch of the dungeon, and saw 2 of its levels.

You collected 26 gold pieces.

Inventory:

Hand Weapons
 a - a +0 shortbow (weapon)
Armour
 c - a +0 leather armour (worn)
Jewellery
 e - a ring of see invisible (left hand)
Wands
 h - a wand of flame (18)
Scrolls
 b - a scroll of immolation
 d - a scroll of enchant armour {unknown}
 f - a scroll of identify {unknown}
 g - a scroll of teleportation {unknown}
 i - a scroll of fog {unknown}


   Skills:
 + Level 2.5 Fighting
 * Level 5.1 Ranged Weapons
 - Level 2.1 Dodging
 - Level 1.0 Stealth


You had 2 spell levels left.
You didn't know any spells.
Your spell library was empty.

Dungeon Overview and Level Annotations

Branches:
Dungeon (2/15)

Altars:


Innate Abilities, Weirdness & Mutations

You have a beak for a mouth.
You have claws for feet.


Message History

The magic dart hits you! The orc barely misses you. The orc misses you.
The orc wizard hits you with a +0 dagger.
An orc comes into view. It is wielding a +0 dagger.
The orc closely misses you.
The orc wizard hits you but does no damage.
The orc attacks as you move away! The orc closely misses you.
The orc wizard casts a spell.
The orc wizard flickers and vanishes for a moment.
You hear a shout!
You clumsily bash the orc but do no damage.
Your kick misses the orc. You peck the orc.
The orc is severely wounded.
An orc comes into view. It is wielding a +0 club.
The orc barely misses you.
You barely miss the orc. You claw the orc.
You kill the orc!
You feel less confused.
The orc wizard hits you but does no damage.
The orc wizard closely misses you.
You shoot an arrow. The arrow hits the orc wizard.
The orc wizard is severely wounded.
The orc wizard hits you with a +0 dagger.
You shoot an arrow.
The arrow closely misses the orc wizard.
The arrow closely misses the orc.
The orc wizard hits you with a +0 dagger.
* * * LOW HITPOINT WARNING * * *
The orc barely misses you.
The orc wizard hits you but does no damage.
The orc barely misses you.
You shoot an arrow.
The arrow completely misses the orc wizard.
The orc wizard barely misses you. The orc hits you with a +0 dagger.
* * * LOW HITPOINT WARNING * * *
You shoot an arrow.
The arrow closely misses the orc wizard.
The orc hits you with a +0 dagger.
* * * LOW HITPOINT WARNING * * *
The orc wizard hits you with a +0 dagger.
You die...

#### #### # .... ... .#
#.###.####.##
#............
###..........#
#..........#
#.....ooo..#
#.....)@...#
#########..........#.
#......##...†..........
#......##..>..†....####
#....................
#########.............
#...#.#########
#####.......##
#######..#


You could see an orc wizard (invisible) and 2 orcs.

Vanquished Creatures
  A dart slug (D:1)
  An orc (D:2)
  2 ball pythons
  A giant cockroach (D:1)
  2 goblins (D:1)
  4 hobgoblins
  5 bats
  2 frilled lizards (D:1)
  4 kobolds (D:1)
  4 rats (D:1)
26 creatures vanquished.

Notes
Turn   | Place    | Note
-------+----------+-------------------------------------------
     0 | D:1      | porpoise the Tengu Hunter began the quest for the Orb.
     0 | D:1      | Reached XP level 1. HP: 12/12 MP: 2/2
   211 | D:1      | Reached XP level 2. HP: 17/17 MP: 3/3
   347 | D:1      | Reached skill level 5 in Ranged Weapons
   539 | D:1      | Reached XP level 3. HP: 22/22 MP: 4/4
   810 | D:2      | Slain by an orc wizard

Illustrated notes

Levels and vault maps discovered:
D:1:      mrwooster_arrival_statue_3, layout_loops_ring, minmay_misc_feat_tower,
          minmay_tiny_reverse_x
D:2:      layout_basic, minmay_tree_intersection

Skill      XL: |  1  2 |
---------------+-------+-----
Ranged Weapons | 5 |  5.1
Fighting       | |  2.5
Dodging        | |  2.1
Stealth        | |  1.0

Action                   || total
-------------------------++-------
Melee: Shortbow          ||     3
       Kick              ||     1
       Peck              ||     1
 Fire: Shortbow          ||    52
Armor: Leather armour    ||     7
Dodge: Dodged            ||    23

Table legend: (Time is in decaauts)
 A = Elapsed time spent in this place.
 B = Non-inter-level travel time spent in this place.
 C = Inter-level travel time spent in this place.
 D = Time resting spent in this place.
 E = Time spent auto-exploring this place.
 F = Levels seen in this place.
 G = Mean time per level.
                   A        B        C        D        E       F      G
               +--------+--------+--------+--------+--------+-----+--------+
         Total |    825 |    799 |     26 |      0 |    676 |   2 |  412.5 |
       Dungeon |    825 |    799 |     26 |      0 |    676 |   2 |  412.5 |
               +--------+--------+--------+--------+--------+-----+--------+

Top non-repeatable levels by time:
     D:1: 685 daAuts
     D:2: 140 daAuts
